 Dungeon Crawl Stone Soup version 0.26.1-2-gb8aa6d0cf2 (webtiles) character file.

Game seed: 11709520150369427373

2434 nightchill the Spear-Bearer (level 9, -3/74 HPs)
             Began as a Merfolk Gladiator on Mar 16, 2021.
             Was an Initiate of Gozag.
             Slain by a wyvern (10 damage)
             ... on level 7 of the Dungeon.
             The game lasted 00:22:28 (11349 turns).

nightchill the Spear-Bearer (Merfolk Gladiator)    Turns: 11349, Time: 00:22:28

Health: -3/74      AC:  9    Str: 14    XL:     9   Next: 49%
Magic:  18/18      EV:  5    Int: 11    God:    Gozag
Gold:   1241       SH:  8    Dex: 15    Spells: 8/8 levels left

rFire    . . .     SeeInvis .   a - +0 trident
rCold    . . .     Faith    .   A - +0 kite shield
rNeg     . . .     Spirit   .   f - +0 chain mail
rPois    .         Reflect  .   c - +0 helmet
rElec    .         Harm     .   C - scarf {shadows}
rCorr    +         Rampage  .   (no gloves)
Will     .....                  (no boots)
Stlth    ..........             (no amulet)
HPRegen  0.22/turn              q - ring of magical power
MPRegen  0.16/turn              H - ring of resist corrosion

@: no status effects
A: change form in water, swift swim, stealthy swim
a: Renounce Religion, Potion Petition, Call Merchant, Bribe Branch


You were on level 7 of the Dungeon.
You worshipped Gozag.
Gozag was most pleased with you.
You visited 2 branches of the dungeon, and saw 9 of its levels.
You also visited: Ossuary.

You collected 1320 gold pieces.
You paid 79 gold pieces to Gozag.

Inventory:

Hand Weapons
 a - a +0 trident (weapon)
Missiles
 d - 2 throwing nets
 m - 9 poisoned darts
 K - 10 javelins
 L - 8 boomerangs (quivered)
Armour
 c - a +0 helmet (worn)
 f - a +0 chain mail (worn)
 A - a +0 kite shield (worn)
 C - a scarf of shadows (worn)
Magical Staves
 t - an uncursed staff of conjuration
Jewellery
 e - an uncursed ring of flight
 q - a ring of magical power (left hand)
 z - an uncursed ring of fire
 H - a ring of resist corrosion (right hand)
 J - an uncursed ring of stealth
Wands
 w - a wand of disintegration (20)
Scrolls
 b - a scroll of enchant weapon {unknown}
 j - 4 scrolls of remove curse
 k - 3 scrolls of identify
 l - a scroll of enchant armour {unknown}
 o - a scroll of blinking
 r - 3 scrolls of amnesia
 y - a scroll of teleportation
 G - 2 scrolls of noise {unknown}
Potions
 g - 4 potions of brilliance
 h - 4 potions of curing
 i - 2 potions of attraction
 n - 3 potions of magic
 p - 3 potions of haste
 s - 4 potions of lignification
 u - 4 potions of flight
 v - 2 potions of invisibility
 x - 3 potions of heal wounds
 D - 2 potions of might


   Skills:
 + Level 8.1 Fighting
 - Level 14.0 Polearms
 - Level 2.0 Throwing
 * Level 4.7 Dodging
 * Level 1.5 Shields


You had 8 spell levels left.
You didn't know any spells.
Your spell library contained the following spells:

 Spells                   Type           Power        Failure   Level
 Corpse Rot               Necr/Air       N/A          100%        2
 Sublimation of Blood     Necr           0%           100%        2
 Dispel Undead            Necr           0%           100%        4
 Agony                    Necr           0%           100%        5
 Excruciating Wounds      Necr           0%           100%        5


Dungeon Overview and Level Annotations

Branches:
Dungeon (8/15)             Temple (1/1) D:4            Lair (0/6) D:8
Ossuary (visited)

Altars:
Cheibriados
Fedhas
Gozag
Makhleb
Sif Muna
Trog
Uskayaw
Vehumet
Xom
Yredelemnul

Annotations:
D:3 exclusion: downstairs
D:4 3 runed translucent doors, exclusion: downstairs, Karim's ghost, amateur GnFi
D:5 exclusion: door


Message History

* * * LOW HITPOINT WARNING * * *
You block the basilisk's attack.
The wyvern hisses menacingly.
The wyvern bites you.
* * * LOW HITPOINT WARNING * * *
There is a stone staircase leading up here.
You block the wyvern's attack. You block the basilisk's attack.
The wyvern bites you.
* * * LOW HITPOINT WARNING * * *
You climb upwards.
There is a stone staircase leading down here.
You hit the basilisk.
The basilisk is almost dead.
The basilisk bites you!
* * * LOW HITPOINT WARNING * * *
The wyvern bites you but does no damage.
You block the basilisk's attack. The wyvern bites you!
You die...
Your body crumbles into a pile of gold.

#.#######.#
#...####...###### #.#
##.#####.(......#.# #
#.# #...........#####.#
# #.# #.......#.#.# #.#
# #.# #.#####.#.#.# #.#
# #.# #.#
#...#.#####.### ## #.#
#.# #....[........# #.
#.######.#
#.###.##[...#.# #.
#.....##.# #@#
#.##.####.# #.
#####.##.#####l###.##.#
#.# ##
######.##......l>...##.#
#.####
#......######.....####.#
#..... #.######
#.......###.# #######
#.#
#....[....#.###......
#.#
#[......#.[..........
#.#
##.....####.###.#####
#.# ##...#####.###.#


You could see a basilisk and a wyvern.

Vanquished Creatures
  2 ice beasts
  A black bear (D:6)
  2 ogres
  A centaur (D:4)
  Blork the orc (D:6)
  3 water moccasin zombies (Ossuary)
  A scorpion (D:7)
  2 howler monkeys (D:4)
  3 wights (D:6)
  A centaur zombie (D:5)
  2 quasits
  7 orc priests
  A gnoll shaman (D:6)
  2 hounds (D:4)
  2 jellies
  9 orc wizards
  3 iguanas
  4 worker ants
  A killer bee zombie (D:8)
  6 big kobold zombies (Ossuary)
  3 hound skeletons
  2 mummies (Ossuary)
  A worker ant zombie (D:5)
  9 adders
  8 gnolls
  A shadow imp (D:5)
  2 ufetubi
  An ooze (D:4)
  An adder skeleton (D:8)
  3 adder zombies (Ossuary)
  6 worms
  4 dart slugs
  4 leopard geckos
  25 orcs
  2 ball pythons
  A giant cockroach (D:4)
  3 gnoll zombies (Ossuary)
  8 goblins
  9 hobgoblins
  9 jackals
  5 quokkas
  A ball python skeleton (D:4)
  13 bats
  3 frilled lizards
  4 hobgoblin zombies (Ossuary)
  9 kobolds
  8 kobold zombies (Ossuary)
  4 orc zombies (Ossuary)
  12 rats
215 creatures vanquished.

Vanquished Creatures (others)
  3 fungi (D:8)
  11 plants (D:8)
14 creatures vanquished.

Grand Total: 229 creatures vanquished

Notes
Turn   | Place    | Note
-------+----------+-------------------------------------------
     0 | D:1      | nightchill the Merfolk Gladiator began the quest for the
                  | Orb.
     0 | D:1      | Reached XP level 1. HP: 16/16 MP: 1/1
   282 | D:1      | Reached XP level 2. HP: 23/23 MP: 2/2
   285 | D:1      | Reached skill level 5 in Polearms
   708 | D:1      | Reached XP level 3. HP: 28/28 MP: 3/3
  1137 | D:2      | Reached skill level 6 in Polearms
  1362 | D:2      | Reached XP level 4. HP: 33/35 MP: 4/4
  2416 | D:3      | Reached skill level 7 in Polearms
  2416 | D:3      | Reached XP level 5. HP: 20/42 MP: 5/5
  2896 | D:3      | Found a hide-covered altar of Uskayaw.
  2928 | D:3      | Reached skill level 8 in Polearms
  3107 | D:3      | Found a burning altar of Makhleb.
  3107 | D:3      | Noticed a blizzard demon
  3111 | D:3      | Noticed an orange demon
  3111 | D:3      | Noticed an orange demon
  3378 | D:3      | Reached XP level 6. HP: 48/48 MP: 6/6
  3679 | D:4      | Found a runed translucent gate.
  3679 | D:4      | Found a runed translucent gate.
  3679 | D:4      | Found a runed translucent gate.
  3680 | D:4      | Noticed Karim's ghost (amateur GnFi)
  3770 | D:4      | Reached skill level 9 in Polearms
  3973 | D:4      | Found a shimmering blue altar of Sif Muna.
  3973 | D:4      | Found a bloodstained altar of Trog.
  3973 | D:4      | Found a basalt altar of Yredelemnul.
  3991 | D:4      | Found a staircase to the Ecumenical Temple.
  4000 | Temple   | Entered the Ecumenical Temple
  4023 | Temple   | Became a worshipper of Gozag Ym Sagoz the Greedy
  4144 | D:4      | Reached XP level 7. HP: 55/55 MP: 7/7
  4166 | D:4      | Reached skill level 5 in Fighting
  4530 | D:4      | Reached skill level 10 in Polearms
  5088 | D:5      | Entered Level 5 of the Dungeon
  5181 | D:5      | Found a shimmering altar of Xom.
  5915 | D:5      | Found a snail-covered altar of Cheibriados.
  6428 | D:5      | Reached XP level 8. HP: 62/64 MP: 8/8
  6439 | D:5      | Reached skill level 11 in Polearms
  7016 | D:6      | Got a garnet-encrusted scale mail
  7291 | D:6      | Noticed Blork the orc
  7317 | D:6      | Killed Blork the orc
  7318 | D:6      | Reached skill level 12 in Polearms
  8946 | D:7      | Found a blossoming altar of Fedhas.
  9015 | D:7      | Reached skill level 13 in Polearms
  9117 | D:7      | Reached XP level 9. HP: 48/72 MP: 9/9
  9784 | D:7      | Identified the cursed +0 scale mail of the Stonemason
                  | {rCorr Str+4} (You found it on level 6 of the Dungeon)
 10254 | D:8      | Found a sand-covered staircase.
 10262 | Ossuary  | Entered an ossuary
 10646 | Ossuary  | Reached skill level 14 in Polearms
 11034 | D:7      | Reached skill level 1 in Shields
 11349 | D:7      | Slain by a wyvern

Illustrated notes

Levels and vault maps discovered:
D:1:      sevenhm_arrival_forest_fort_small_3, layout_basic,
          minmay_misc_feat_diagonals
D:2:      kb_forest_paths, layout_basic, minmay_tetromino_l2
D:3:      layout_rooms, kennysheep_flooded_box, moated_statue,
          makhleb_altar_promises_db
D:4:      layout_layer_cave, gammafunk_temple_overflow_claw,
          minmay_temple_entry_overgrown, gammafunk_ghost_necromancy,
          kennysheep_cross_room, grunt_ministairs_10
D:5:      layout_gridville, kennysheep_mini_moat, basic_altar
D:6:      layout_cave_pools, uniq_blork_the_orc
D:7:      layout_loops_ring, fedhas_altar_1
D:8:      layout_cave_pools, old_standard_altar, minmay_lair_entry_grove,
          lightli_ossuary_entry_decrepit_ruins
Temple:   dpeg_chambers_temple

Skill      XL: |  1  2  3  4  5  6  7  8  9 |
---------------+----------------------------+-----
Polearms       | 5 6 7 8 9 10 13 14 | 14.0
Fighting       | 3 4 5 7 8 |  8.1
Shields        | 1 |  1.5
Throwing       | |  2.0
Dodging        | |  4.7

Action                   |  1- 3 |  4- 6 |  7- 9 || total
-------------------------+-------+-------+-------++-------
Melee: Trident           |   135 |   256 |   698 ||  1089
Throw: Throwing net      |       |       |     1 ||     1
  Use: Scroll            |       |     6 |    13 ||    19
       Potion            |       |     1 |     3 ||     4
 Stab: Distracted        |       |       |     3 ||     3
Armor: Chain mail        |    69 |   134 |   244 ||   447
Dodge: Dodged            |    36 |    80 |    73 ||   189
Block: Kite shield       |       |       |   134 ||   134
